 Dungeon Crawl Stone Soup version 0.29-a0-11-ga75d3d97ab (webtiles) character file.

Game seed: 13982119209325583044

107 lonewolfV2 the Chopper (level 4, 0/41 HPs)
             Began as a Minotaur Berserker on Jan 28, 2022.
             Was a Believer of Trog.
             Slain by a phantom (9 damage)
             ... on level 2 of the Dungeon.
             The game lasted 00:01:38 (1930 turns).

lonewolfV2 the Chopper (Minotaur Berserker)         Turns: 1930, Time: 00:01:39

Health: 0/41       AC:  2    Str: 24    XL:     4   Next: 57%
Magic:  3/3        EV: 12    Int:  4    God:    Trog [**....]
Gold:   43         SH:  0    Dex:  9    Spells: 3/3 levels left

rFire   . . .      SeeInvis .   a - +0 hand axe
rCold   . . .      Faith    .   (no shield)
rNeg    . . .      Spirit   .   b - +0 animal skin
rPois   .          Reflect  .   (helmet restricted)
rElec   .          Harm     .   (no cloak)
rCorr   .          Rampage  .   (no gloves)
Will    ++...                   (no boots)
Stlth   +.........              (no amulet)
HPRegen 1.13/turn               (no ring)
MPRegen 0.08/turn               (no ring)

@: strong-willed, regenerating
A: horns 2, retaliatory headbutt
a: Renounce Religion, Berserk, Trog's Hand


You were on level 2 of the Dungeon.
You worshipped Trog.
Trog was pleased with you.
You visited 1 branch of the dungeon, and saw 2 of its levels.

You collected 43 gold pieces.

Inventory:

Hand Weapons
 a - a +0 hand axe (weapon)
Armour
 b - a +0 animal skin (worn)
Jewellery
 d - a ring of flight
Scrolls
 c - a scroll of teleportation {unknown}
 f - a scroll of identify
 g - a scroll of silence {unknown}
Potions
 e - a potion of curing


   Skills:
 + Level 4.8 Fighting
 + Level 4.8 Axes
 + Level 2.6 Armour
 + Level 3.1 Dodging
 + Level 0.3 Stealth


You had 3 spell levels left.
You didn't know any spells.
Your spell library was empty.

Dungeon Overview and Level Annotations

Branches:
Dungeon (2/15)

Altars:


Innate Abilities, Weirdness & Mutations

You have a pair of horns on your head.
You reflexively headbutt those who attack you in melee.


Message History

The phantom misses you. You furiously retaliate!
You headbutt the phantom, but do no damage.
You completely miss the phantom. You headbutt the phantom!
The phantom is moderately damaged.
The phantom hits you!
You hit the phantom. Your headbutt misses the phantom.
The phantom is heavily damaged.
The phantom hits you but does no damage.
You closely miss the phantom. You headbutt the phantom.
The phantom is heavily damaged.
The phantom hits you.
The phantom blinks!
You blink.
The phantom hits you.
You barely miss the phantom.
The phantom is heavily damaged.
The phantom hits you.
The phantom blinks!
You blink.
The phantom completely misses you. The phantom hits you.
The phantom blinks!
You blink.
Your skin crawls.
You feel strong-willed. The phantom closely misses you. The phantom hits you.
* * * LOW HITPOINT WARNING * * *
The phantom blinks!
You blink.
You hit the phantom but do no damage.
The phantom is heavily damaged.
The phantom hits you.
* * * LOW HITPOINT WARNING * * *
You barely miss the phantom.
The phantom is heavily damaged.
The phantom hits you!
* * * LOW HITPOINT WARNING * * *
You barely miss the phantom.
The phantom is heavily damaged.
The phantom misses you.
You hit the phantom.
The phantom is heavily damaged.
The phantom misses you.
You barely miss the phantom. Your headbutt misses the phantom.
The phantom is heavily damaged.
The phantom hits you!
You die...

#.........###†############†###
#.......### #.....# ..# #.....
#.......# #####.#...# #.....
#.......#########.#...# #.....
#.......#.............# #.....
#.......#.............# #.....
#.......#.............# '.....
#.......#.............# #.^...
.......##....@.....$..# #.....
....... #....W..........
#............####
##############


You could see a phantom.

Vanquished Creatures
  2 adders (D:2)
  4 gnolls (D:2)
  2 dart slugs (D:1)
  3 orcs (D:2)
  3 ball pythons
  5 bats (D:1)
  6 endoplasms
  2 goblins (D:1)
  3 hobgoblins
  4 jackals (D:1)
  A quokka (D:2)
  2 frilled lizards (D:1)
  3 kobolds (D:1)
  A rat (D:1)
41 creatures vanquished.

Notes
Turn   | Place    | Note
-------+----------+-------------------------------------------
     0 | D:1      | lonewolfV2 the Minotaur Berserker began the quest for the
                  | Orb.
     0 | D:1      | Reached XP level 1. HP: 19/19 MP: 0/0
   435 | D:1      | Reached XP level 2. HP: 24/27 MP: 1/1
  1007 | D:1      | Reached XP level 3. HP: 34/34 MP: 2/2
  1105 | D:1      | Found a faded altar of an unknown god.
  1604 | D:2      | Reached ** piety under Trog
  1641 | D:2      | Reached XP level 4. HP: 21/41 MP: 3/3
  1645 | D:2      | HP: 1/41 [gnoll (7)]
  1913 | D:2      | Noticed a phantom
  1930 | D:2      | Slain by a phantom

Illustrated notes

Levels and vault maps discovered:
D:1:      minmay_arrival_jagged, layout_loops_corners,
          nicolae_ecumenical_lake_church, minmay_pentomino_x2
D:2:      layout_basic

Skill      XL: |  1  2  3 |
---------------+----------+-----
Axes           | 4 |  4.8
Fighting       | 4 |  4.8
Dodging        | 3 |  3.1
Armour         | |  2.6
Stealth        | |  0.3

Action                   |  1- 3 |  4- 6 || total
-------------------------+-------+-------++-------
Melee: Hand axe          |    74 |    21 ||    95
       Headbutt          |    12 |     6 ||    18
Invok: Trog's Hand       |       |     2 ||     2
  Use: Scroll            |     1 |       ||     1
Armor: Animal skin       |     9 |     1 ||    10
Dodge: Dodged            |    52 |     9 ||    61

Table legend: (Time is in decaauts)
 A = Elapsed time spent in this place.
 B = Non-inter-level travel time spent in this place.
 C = Inter-level travel time spent in this place.
 D = Time resting spent in this place.
 E = Time spent auto-exploring this place.
 F = Levels seen in this place.
 G = Mean time per level.
                   A        B        C        D        E       F      G
               +--------+--------+--------+--------+--------+-----+--------+
         Total |   1942 |   1920 |     22 |     77 |   1566 |   2 |  971.0 |
       Dungeon |   1942 |   1920 |     22 |     77 |   1566 |   2 |  971.0 |
               +--------+--------+--------+--------+--------+-----+--------+

Top non-repeatable levels by time:
     D:1: 1596 daAuts
     D:2: 345 daAuts
